AoeStats
← 啊超

African Clearing

505240391Analyzed
4v4 RM · 23d ago on Sep 8, 2026· 8m 6s· 8 players
Game mode
Random Map
Map size
Large (8 player)
Population
200
Speed
Normal
Resources
Standard
Victory
Conquest
Starting age
Dark Age
Ending age
Imperial Age
RankedLock teamsTeams togetherTeam positionsShared explorationLock speedFull tech treeHidden civsTurbo modeCheats
Victory
Defeat
🇨🇳 Spanish · China
1199
+14
🇨🇳 Spanish · China
1176
+15
🇨🇳 Huns · China
1125
+17
🇨🇳 Berbers · China
1015
+22
🇨🇳 Magyars · China
1174
-18
🇨🇳 Khmer · China
1168
-18
🇨🇦 Lithuanians · Canada
1159
-17
🇩🇪 Franks · Germany
1091
-15
西边有座岛
4:23 Loom
啊超
5:40 Loom
hqqlxj520ck
LY
5:18 Loom
GaiusTheGay
3:20 Loom
4:20 Loom
5:31 Loom
ALIENSDIABLO
4:24 Loom
SkullBump
2:56 Loom
随机便投
3:18 Loom
Connection lost

Rejoining the realm…

Still unreachable

The connection could not be restored.

Session expired

The server has moved on; the page needs a fresh start.